AoeStats
← bobozius

Migration

504772543Analyzed
1v1 RM · 25d ago on Sep 6, 2026· 43m 8s· 2 players
Game mode
Random Map
Map size
132×132
Population
200
Speed
Normal
Resources
Standard
Victory
Conquest
Starting age
Dark Age
Ending age
Imperial Age
RankedLock teamsTeams togetherTeam positionsShared explorationLock speedFull tech treeHidden civsTurbo modeCheats
Victory
Defeat
🇩🇪 Vikings · Germany
629
+12
🇩🇪 Vietnamese · Germany
540
-12
bobozius
13:06 Feudal Age
14:24 Wheelbarrow
13:58 Fishing Lines
17:12 Gold Mining
17:17 Stone Mining
20:32 Castle Age
18:46 Double-Bit Axe
18:44 Horse Collar
20:50 Demolition Ship
21:40 Medium Warships
21:21 Gillnets
21:45 Heavy Plow
21:58 Bow Saw
22:37 Hand Cart
23:05 Stone Shaft Mining
27:21 Man-at-Arms
28:17 Arson
29:04 Forging
28:55 Padded Archer Armor
28:45 Fletching
28:56 Scale Mail Armor
29:01 Scale Barding Armor
29:31 Arson
37:26 Imperial Age
35:23 Town Watch
37:04 Town Patrol
36:50 Treadmill Crane
37:01 Guard Tower
37:29 Careening
37:30 Clinker Construction
37:42 Ballistics
37:13 Heated Shot
39:23 Chemistry
38:12 Arrowslits
37:57 Long Swordsman
40:08 Paper Money
39:15 Two-Handed Swordsman
40:38 Crop Rotation
41:11 Two-Man Saw
42:27 Elite Rattan Archer
Fivesta
5:07 Loom
11:57 Feudal Age
13:28 Double-Bit Axe
16:15 Horse Collar
19:11 Castle Age
18:11 Fletching
18:28 Gold Mining
19:08 Stone Mining
19:38 Forging
21:22 Gold Shaft Mining
21:22 Bodkin Arrow
22:11 Heavy Plow
23:06 Bow Saw
25:14 Ballistics
25:25 Squires
30:35 Medium Warships
31:03 Clinker Construction
31:06 Careening
33:28 Medium Warships
33:39 Chieftains
35:33 Fishing Lines
40:00 Imperial Age
40:56 Elite Berserk
42:15 Iron Casting
41:40 Scale Mail Armor
Connection lost

Rejoining the realm…

Still unreachable

The connection could not be restored.

Session expired

The server has moved on; the page needs a fresh start.